 Dungeon Crawl Stone Soup version 0.24-a0-279-ga7546fe (webtiles) character file.

Game seed: 9186452803638780471

135 TheOvate the Chopper (level 5, -3/46 HPs)
             Began as a Hill Orc Fighter on May 1, 2019.
             Slain by Sigmund
             ... wielding a +0 scythe of pain
              (8 damage)
             ... on level 3 of the Dungeon.
             The game lasted 00:05:13 (1632 turns).

TheOvate the Chopper (Hill Orc Fighter)             Turns: 1632, Time: 00:05:13

Health: -3/46      AC:  6    Str: 25    XL:     5   Next: 18%
Magic:  0/5        EV:  7    Int:  8    God:
Gold:   76         SH: 10    Dex: 10    Spells: 4/4 levels left

rFire    . . .     SeeInvis .   a - +1 war axe
rCold    . . .     Gourm    .   c - +1 shield
rNeg     + . .     Faith    .   b - +0 scale mail
rPois    .         Spirit   +   (no helmet)
rElec    .         Reflect  .   (no cloak)
rCorr    .         Harm     .   (no gloves)
MR       +....                  (no boots)
Stlth    ..........             j - amulet of guardian spirit
HPRegen  0.15/turn              k - ring of positive energy
MPRegen  0.09/turn              p - ring of protection from magic

@: mighty
A: no striking features
a: no special abilities


You were on level 3 of the Dungeon.
You were not hungry.

You visited 1 branch of the dungeon, and saw 3 of its levels.

You collected 76 gold pieces.

Inventory:

Hand Weapons
 a - a +1 war axe (weapon)
Armour
 b - a +0 scale mail (worn)
 c - a +1 shield (worn)
Jewellery
 j - an amulet of guardian spirit (around neck)
 k - a ring of positive energy (left hand)
 p - a ring of protection from magic (right hand)
Scrolls
 e - a scroll of teleportation {unknown}
 h - a scroll of amnesia
 i - a scroll of blinking {unknown}
 m - a scroll of fear {unknown}
 n - 2 scrolls of identify
 o - a scroll of fog {unknown}
Potions
 l - 2 potions of curing {unknown}
 q - 2 potions of agility {unknown}
 r - a potion of degeneration {unknown}
 t - a potion of magic {unknown}
Comestibles
 f - 4 rations
 g - a chunk of flesh


   Skills:
 - Level 3.7 Fighting
 + Level 6.4 Axes
 - Level 3.3 Armour
 - Level 3.7 Shields


You had 4 spell levels left.
You didn't know any spells.
Your spell library was empty.

Dungeon Overview and Level Annotations

Branches:
Dungeon (3/15)

Altars:
Gozag

Annotations:
D:3 Sigmund


Message History

Something hits you.
You miss something. Something hits you.
You feel very mighty all of a sudden. You block something's attack.
You closely miss something.
You hear some strange, mumbled words.
A puff of flame appears from out of thin air!
The puff of flame hits you!
* * * LOW HITPOINT WARNING * * *
Okay, then.
You miss something. You block something's attack.
You slash something! Something hits you.
* * * LOW HITPOINT WARNING * * *
You closely miss something. You miss something.
Something hits you but does no damage.
A rat comes into view.
You miss something. You block something's attack.
You slash something! Something completely misses you.
You slash something! Something hits you!
You die...

.##....#.........
#.##.##.########
#.....##...#
....#........#
###...####...#
#### ##.## #.# #
#.# . #@# # #.
###)####### ..#.#
#.rg......#
.....##.#.#####.#
..........#####.
###............#
####..#.###..#
#....# #.#.##


You could see a goblin and a rat.

Vanquished Creatures
  Jessica (D:2)
  Robin (D:2)
  2 adders (D:2)
  2 oozes (D:1)
  5 leopard geckos
  4 orcs (D:2)
  9 goblins
  13 hobgoblins
  A ball python (D:3)
  6 bats
  6 frilled lizards
  10 kobolds
  5 rats
65 creatures vanquished.

Notes
Turn   | Place    | Note
-------+----------+-------------------------------------------
     0 | D:1      | TheOvate the Hill Orc Fighter began the quest for the Orb.
     0 | D:1      | Reached XP level 1. HP: 19/19 MP: 1/1
    87 | D:1      | Reached XP level 2. HP: 20/27 MP: 2/2
   219 | D:1      | Reached skill level 3 in Axes
   420 | D:1      | Reached skill level 4 in Axes
   420 | D:1      | Reached XP level 3. HP: 27/33 MP: 1/3
  1097 | D:2      | Noticed Robin
  1106 | D:2      | Reached XP level 4. HP: 40/40 MP: 4/4
  1106 | D:2      | Reached skill level 5 in Axes
  1133 | D:2      | Killed Robin
  1343 | D:2      | Noticed Jessica
  1352 | D:2      | Killed Jessica
  1352 | D:2      | Reached skill level 6 in Axes
  1352 | D:2      | Reached XP level 5. HP: 37/46 MP: 5/5
  1464 | D:2      | Found an opulent altar of Gozag.
  1600 | D:3      | Noticed Sigmund
  1632 | D:3      | Slain by Sigmund

Levels and vault maps discovered:
D:1:      lemuel_arrival_lava_pool, layout_basic
D:2:      layout_rooms, grunt_gozag_statues, uniq_robin, uniq_jessica
D:3:      layout_loops_ring, elyvilon_altar_4, overflow_temple_1_default,
          gammafunk_ghost_nasty_kobolds, uniq_sigmund, uniq_ijyb

Skill      XL: |  1  2  3  4 |
---------------+-------------+-----
Axes           | 4 6 |  6.4
Fighting       | |  3.7
Armour         | |  3.3
Shields        | |  3.7

Action                   |  1- 3 |  4- 6 || total
-------------------------+-------+-------++-------
Melee: War axe           |   116 |    83 ||   199
  Use: Scroll            |     5 |       ||     5
       Potion            |       |     1 ||     1
  Eat: Chunk             |     1 |     2 ||     3
Armor: Scale mail        |    61 |    35 ||    96
Dodge: Dodged            |    34 |    29 ||    63
Block: Shield            |    55 |    38 ||    93

Table legend:
 A = Non-vault XP
 B = Vault XP
 C = Vault XP percentage of total XP
 D = Non-vault monster count
 E = Vault monster count
 F = Vault count percentage of total count
                 A         B        C        D         E       F
            +---------+---------+-------+---------+---------+-------
      Total |     120 |      73 |  37.8 |      52 |      13 |  20.0
            +---------+---------+-------+---------+---------+-------
        D:1 |      52 |       0 |   0.0 |      27 |       0 |   0.0
        D:2 |      65 |      73 |  52.9 |      22 |      13 |  37.1
        D:3 |       3 |       0 |   0.0 |       3 |       0 |   0.0
            +---------+---------+-------+---------+---------+-------
